[Event "Turkish-ch Youth U17 2024"]
[Site "Belek Antalya"]
[Date "2024.01.26"]
[Round "8"]
[White "Sezis, Doruk"]
[Black "Orhon, Bora"]
[Result "0-1"]
[ECO "C03"]
[WhiteElo "2001"]
[BlackElo "1937"]
[Annotator "NA RC"]
[PlyCount "63"]
[EventDate "2024.01.21"]
[EventType "swiss"]
[EventCountry "TUR"]
[SourceTitle "playchess.com"]
[Source "ChessBase"]
[SourceQuality "1"]
[TimeControl "5400+30"]

1. e4 e6 2. d4 d5 3. Nd2 Be7 4. e5 c5 5. c3 Nc6 6. Bd3 {[%emt 0:01:00] C03: French Tarrasch: Unusual Black 3rd moves.} cxd4 7. cxd4 Qb6 8. Ndf3 Bd7 9. Ne2 Nb4 10. Bb1 Bb5 11. O-O Qa6 12. Re1 Nd3 13. Bxd3 Bxd3 14. Nf4 Bf5 15. h4 Bd8 16. h5 h6 17. Nd2 Ne7 18. Nb3 Rc8 19. Bd2 Qa4 20. Bc3 Nc6 (20... b6 $17) 21. Qf3 $1 Ne7 22. Nc5 Qc6 $11 23. g4 Bh7 24. a4 b6 25. Ncd3 a5 26. Qe3 Qd7 27. Ng2 Nc6 28. f4 Be7 29. Qf2 Bxd3 30. Rad1 Be4 31. f5 exf5 32. e6 0-1

[Event "Turkish-ch Youth U17 2024"]
[Site "Belek Antalya"]
[Date "2024.01.26"]
[Round "8"]
[White "Yilmaz, Kerem Tuna"]
[Black "Eroz, Enis"]
[Result "1-0"]
[ECO "C10"]
[WhiteElo "1945"]
[BlackElo "1840"]
[Annotator "TA"]
[PlyCount "59"]
[EventDate "2024.01.21"]
[EventType "swiss"]
[EventCountry "TUR"]
[SourceTitle "playchess.com"]
[Source "ChessBase"]
[SourceQuality "1"]
[TimeControl "5400+30"]

1. e4 e6 2. d4 d5 3. Nd2 c5 4. Ngf3 dxe4 5. Nxe4 cxd4 6. Qxd4 Qxd4 7. Nxd4 a6 $1 {[%emt 0:04:30] Prevents Nb5} 8. Bf4 {[%emt 0:02:30] White is slightly better.} Nf6 9. Nd6+ Bxd6 10. Bxd6 Ne4 {[%emt 0:00:30] Black is now going downhill.} 11. Ba3 {[%emt 0:01:30] White is more active.} e5 12. Nb3 Nc6 13. Bd3 Nf6 14. O-O-O $36 {[%emt 0:04:30][%mdl 2048] Keeping Black busy.} Bg4 15. f3 Bh5 {[%emt 0:01:30] [#]} (15... Be6 $16 16. Nc5 O-O-O 17. Nxe6 fxe6) 16. Bf5 $1 $18 Bg6 17. Bh3 b5 18. Bd6 Ra7 19. Nc5 Ne7 20. Bxe5 {[%emt 0:05:17] A strong pair of Bishops.} O-O 21. Bxf6 gxf6 22. Nd7 Rfa8 23. Nxf6+ Kg7 24. Nd5 Nc6 (24... Nxd5 {was called for.} 25. Rxd5 Rc7) 25. Nf4 Rc7 26. Rd7 Rxd7 27. Bxd7 Ne5 28. Rd1 Rd8 29. Bh3 Re8 30. b3 {[%emt 0:03:06] Weighted Error Value: White=0.10 (very precise) /Black=0.23 (precise) .  Mistake:       	---       	Black=2      Inaccurate:     	---       	Black=1      OK:         	White=13    	Black=7      Best:        	White=1     	Black=1      Strong:       	---       	Black=1} 1-0

[Event "Turkish-ch Youth U17 2024"]
[Site "Belek Antalya"]
[Date "2024.01.26"]
[Round "8"]
[White "Kazik, Oguz Kagan"]
[Black "Tutuncu, Ali"]
[Result "1-0"]
[ECO "C62"]
[WhiteElo "1897"]
[BlackElo "1978"]
[Annotator "TA"]
[PlyCount "99"]
[EventDate "2024.01.21"]
[EventType "swiss"]
[EventCountry "TUR"]
[SourceTitle "playchess.com"]
[Source "ChessBase"]
[SourceQuality "1"]
[TimeControl "5400+30"]

1. e4 e5 2. Nf3 Nc6 3. Bb5 d6 4. d4 Bd7 5. Nc3 Nge7 6. O-O h6 7. Be3 g5 (7... Ng6 $14) 8. dxe5 $16 dxe5 {[%emt 0:02:30] White is better.} 9. Nd5 Ng6 10. Qd2 {[%emt 0:01:30][%cal Rf3g5] White is much more active. The black rooks are passive.} a6 {[%emt 0:07:30] [#]} 11. Rfd1 $1 {[%emt 0:06:30][%cal Od5f6] Nf6+! would now be deadly.} Bd6 (11... axb5 12. Nf6+ Ke7 13. Nxd7) 12. Bxc6 (12. Be2 $142) 12... Bxc6 13. c4 O-O 14. c5 Be7 15. Qc2 Bf6 {[%emt 0:03:30] [#]} 16. Nb6 $1 Qe7 17. Nxa8 Rxa8 18. Nd2 Qe6 19. Nf1 h5 20. Ng3 h4 21. Nf5 Nf4 (21... Ne7 $16 {is a better defense.} 22. Nxe7+ Bxe7) 22. f3 $18 Kh7 23. Bxf4 exf4 24. Nd4 Qe5 (24... Bxd4+ $142 25. Rxd4 h3) 25. Nxc6 bxc6 26. h3 Rb8 (26... Qxb2 {was necessary.} 27. Qc4 Kg7) 27. b3 Rb5 28. Rac1 Be7 29. Qc4 Kg6 30. a4 Rxc5 31. Qxa6 g4 32. hxg4 h3 33. gxh3 Qb2 34. Rxc5 Bxc5+ {[%emt 0:00:30][%mdl 4096] Endgame. KQR-KQB} 35. Kh1 Qxb3 36. Qe2 Qxa4 37. Kg2 Be3 (37... Bd4 $142 38. h4 Kg7) 38. h4 c5 39. h5+ Kh7 (39... Kh6 $142 40. e5 Kg7) 40. g5 {[%emt 0:00:30] Hoping for e5.} c4 41. e5 {[%emt 0:00:30] And now Rd8 would win.} Qb3 42. Kh3 {[%emt 0:00:30] Threatens to win with Rd7.} Kg7 43. Kh4 {[%emt 0:05:45] White threatens h6+ and mate.} Qc3 {[%emt 0:00:00] [#]} 44. e6 $1 fxe6 (44... Kf8 45. Rd8+) 45. Rd7+ Kf8 46. Qd1 Bc5 47. Rxc7 (47. Rd8+ $142 Kf7 48. Qd7+ Be7 49. Qe8+ Kg7 50. Qxe7#) 47... Bd4 48. Rd7 (48. Qb1 $142 Bb6 49. Rc8+ (49. Qxb6 $2 {is a self mate.} Qe1+) 49... Ke7 50. Qe4 (50. Qxb6 $2 Qe1+)) 48... e5 49. Qb1 Qb2 50. Qf5+ {[%emt 0:00:03] Weighted Error Value: White=0.11 (very precise) /Black=0.60.  Mistake:       	White=1     	Black=6      Inaccurate:     	---       	Black=3      OK:         	White=22    	Black=10     Best:        	White=1     	---        Brilliant:      	White=1     	---} 1-0

[Event "Turkish-ch Youth U17 2024"]
[Site "Belek Antalya"]
[Date "2024.01.26"]
[Round "8"]
[White "Mustu, Hatice Asli"]
[Black "Celik, Almina"]
[Result "1-0"]
[ECO "E01"]
[WhiteElo "1841"]
[BlackElo "1303"]
[Annotator "NA RC COMBH"]
[PlyCount "69"]
[EventDate "2024.01.21"]
[EventType "swiss"]
[EventCountry "TUR"]
[SourceTitle "playchess.com"]
[Source "ChessBase"]
[SourceQuality "1"]
[TimeControl "5400+30"]

1. d4 Nf6 2. Nf3 e6 3. c4 d5 4. g3 c6 5. Bg2 Nbd7 6. O-O Bd6 7. Nbd2 O-O 8. Qc2 b6 9. e4 dxe4 10. Nxe4 Nxe4 11. Qxe4 Bb7 12. Rd1 Qc7 {[%emt 0:03:30] E01: Catalan: Early deviations.} 13. Qd3 Rfd8 14. Ng5 Nf6 15. Ne4 Nxe4 16. Qxe4 Rab8 17. Bg5 c5 18. Bxd8 Qxd8 19. Qd3 Be7 20. dxc5 Bxg2 21. Qxd8+ Bxd8 22. Kxg2 bxc5 23. Rd7 Bf6 24. Rxa7 h6 25. Rb1 Bd4 26. b3 e5 27. a4 e4 $18 28. a5 e3 29. fxe3 Bxe3 30. a6 Bd4 31. Rb7 Ra8 32. a7 Be5 33. Re1 Bd6 34. Rd1 Be5 35. Rd5 1-0

[Event "Turkish-ch Youth U17 2024"]
[Site "Belek Antalya"]
[Date "2024.01.26"]
[Round "8"]
[White "Alagoz, Zumra Meryem"]
[Black "Kayis, Merve"]
[Result "0-1"]
[ECO "A03"]
[WhiteElo "1706"]
[BlackElo "1510"]
[Annotator "NA RC COMBH"]
[PlyCount "34"]
[EventDate "2024.01.21"]
[EventType "swiss"]
[EventCountry "TUR"]
[SourceTitle "playchess.com"]
[Source "ChessBase"]
[SourceQuality "1"]
[TimeControl "5400+30"]

1. f4 Nf6 2. Nf3 d5 3. g3 e6 4. Bg2 Be7 5. d3 b6 6. O-O Bb7 7. e3 O-O 8. b3 c5 9. Ne5 Nc6 10. Bb2 Rc8 11. Nd2 Qc7 12. Ng4 Nd7 13. Nf3 f5 14. Nge5 Bf6 15. Rf2 Ba6 16. Ba3 Nd8 17. Bf1 Re8 0-1

[Event "Turkish-ch Youth U17 2024"]
[Site "Belek Antalya"]
[Date "2024.01.26"]
[Round "8"]
[White "Kayan, Yasar Efe"]
[Black "Atis, Hasan"]
[Result "0-1"]
[ECO "B24"]
[WhiteElo "1660"]
[BlackElo "2104"]
[Annotator "NA RC"]
[PlyCount "62"]
[EventDate "2024.01.21"]
[EventType "swiss"]
[EventCountry "TUR"]
[SourceTitle "playchess.com"]
[Source "ChessBase"]
[SourceQuality "1"]
[TimeControl "5400+30"]

1. e4 c5 2. Nc3 e6 3. g3 d5 4. d3 Nf6 5. Bg2 Be7 6. e5 Nfd7 7. f4 Nc6 8. Nf3 b5 9. O-O {[%emt 0:01:30] B24: Sizilianisch (Geschlossenes System).} Qb6 10. Kh1 O-O 11. g4 b4 12. Ne2 Ba6 13. Rg1 c4 14. d4 c3 15. b3 f6 16. Ng3 fxe5 17. fxe5 {[%emt 0:00:30] [#]} Rxf3 $1 18. Bxf3 Qxd4 19. Nf5 Qxd1 (19... exf5 20. Bxd5+ Kf8 21. Bxc6 Qxd1 22. Rxd1 $18) (19... Qxe5 $2 {is the wrong capture.} 20. Re1 exf5 (20... Qf6 $2 21. Rxe6 Qxe6 22. Bxd5 $18) 21. Rxe5 (21. Bxd5+ Kh8 $16) 21... Ndxe5 22. Bf4 $18 (22. Qxd5+ Kf8 $16) (22. gxf5 Rd8 $16) (22. Bxd5+ Kf8 $16)) 20. Nxe7+ Nxe7 21. Bxd1 Bb7 22. Re1 Ng6 23. a3 a5 24. axb4 axb4 25. Rxa8+ Bxa8 26. Kg2 d4+ 27. Kg3 $15 Nc5 28. Bf3 Bd5 29. Bxd5 exd5 30. e6 Kf8 31. Bg5 Ne4+ 0-1

[Event "Turkish-ch Youth U17 2024"]
[Site "Belek Antalya"]
[Date "2024.01.26"]
[Round "8"]
[White "Akin, Duru"]
[Black "Akat, Elifnaz"]
[Result "0-1"]
[ECO "B30"]
[WhiteElo "1474"]
[BlackElo "1849"]
[Annotator "NA RC COMBH"]
[PlyCount "72"]
[EventDate "2024.01.21"]
[EventType "swiss"]
[EventCountry "TUR"]
[SourceTitle "playchess.com"]
[Source "ChessBase"]
[SourceQuality "1"]
[TimeControl "5400+30"]

1. e4 c5 2. Nf3 Nc6 3. Bb5 e6 4. Bxc6 bxc6 5. d3 Qc7 6. Qe2 {[%emt 0:00:00] B30: Sicilian: 2...Nc6 3 Bb5, lines without ...g6.} Ne7 7. Nc3 e5 8. g3 d6 9. h4 h5 10. b3 g6 11. Bb2 Bg4 12. Nd1 Bh6 13. Ne3 Qa5+ 14. c3 Bxe3 15. Qxe3 f6 16. Nd2 d5 (16... Rd8 $14 {feels stronger.}) 17. d4 (17. f3 $16 Be6 18. c4) 17... exd4 18. cxd4 cxd4 19. Bxd4 O-O 20. O-O Kh7 (20... Rae8 $1 $14 {was preferrable.}) 21. f3 Bd7 22. Bc5 Rf7 $16 23. Rf2 Qc7 24. Rg2 Bh3 25. Rh2 Qxg3+ 26. Kh1 Bd7 27. Rg1 Qc7 28. Rhg2 Be8 29. f4 dxe4 30. Qxe4 Rg7 31. Nc4 Nf5 32. Bf8 Bf7 33. Bxg7 Bd5 34. Qd3 Qxf4 35. Bxf6 Ng3+ 36. Kh2 Nf1+ 0-1

[Event "Turkish-ch Youth U17 2024"]
[Site "Belek Antalya"]
[Date "2024.01.26"]
[Round "8"]
[White "Cetin, Defne"]
[Black "Buyuk, Ecrin Efsa"]
[Result "0-1"]
[ECO "D04"]
[WhiteElo "1350"]
[BlackElo "1976"]
[Annotator "TA"]
[PlyCount "36"]
[EventDate "2024.01.21"]
[EventType "swiss"]
[EventCountry "TUR"]
[SourceTitle "playchess.com"]
[Source "ChessBase"]
[SourceQuality "1"]
[TimeControl "5400+30"]

1. d4 d5 2. e3 Bf5 3. Bd3 e6 4. Nf3 Nf6 5. O-O Be7 6. Nbd2 O-O 7. Re1 Ne4 8. Nf1 {[%emt 0:05:30] The position is equal.} Nd7 9. Ng3 Nxg3 10. hxg3 Nf6 11. Nd2 c5 12. Bxf5 exf5 13. dxc5 Bxc5 14. Nf3 Rc8 15. a3 Qc7 16. Qd3 Be7 (16... Bb6 $15 17. c3 g6) 17. Nd4 g6 18. Re2 (18. Bd2 $11) 18... Ne4 {[%emt 0:03:12] Weighted Error Value: White=0.12 (very precise) /Black=0.09 (flawless) .  Mistake:       	White=1     	Black=1      Inaccurate:     	White=1     	---        OK:         	White=1     	Black=4} 0-1

[Event "Turkish-ch Youth U17 2024"]
[Site "Belek Antalya"]
[Date "2024.01.26"]
[Round "8"]
[White "Sen, Nehir"]
[Black "Unal, Beren"]
[Result "1/2-1/2"]
[ECO "E61"]
[WhiteElo "1320"]
[BlackElo "1505"]
[Annotator "NA RC COMBH"]
[PlyCount "87"]
[EventDate "2024.01.21"]
[EventType "swiss"]
[EventCountry "TUR"]
[SourceTitle "playchess.com"]
[Source "ChessBase"]
[SourceQuality "1"]
[TimeControl "5400+30"]

1. d4 Nf6 2. Nf3 g6 3. c4 d6 4. Nc3 Bg7 5. Bg5 O-O 6. h3 c5 7. e3 cxd4 8. exd4 b6 9. Be2 Bb7 10. O-O Nbd7 11. Rc1 h6 12. Bh4 Rc8 13. Qb3 a6 14. Rfe1 Re8 15. a4 Qc7 16. Nd5 Nxd5 17. cxd5 Qd8 18. Bc4 g5 19. Bg3 Nf6 20. h4 g4 21. Nd2 h5 22. Ne4 Nxe4 23. Rxe4 Bxd5 24. Ree1 Bxc4 25. Rxc4 Rxc4 26. Qxc4 Qc8 27. Qd5 e5 28. Qxd6 exd4 29. Rxe8+ Qxe8 30. Qxb6 d3 31. Qd6 Qe1+ 32. Kh2 d2 33. Qd8+ Kh7 34. Qd3+ f5 35. Qxf5+ Kg8 36. Qd5+ Kf8 37. Qd8+ Kf7 38. Qd7+ Kf6 39. Qd6+ Kf5 40. Qf4+ Kg6 41. Qg5+ Kf7 42. Qxh5+ Ke7 43. Qc5+ Ke8 44. Qc8+ 1/2-1/2

[Event "Turkish-ch Youth U17 2024"]
[Site "Belek Antalya"]
[Date "2024.01.27"]
[Round "9"]
[White "Kilic, Eray"]
[Black "Kazik, Oguz Kagan"]
[Result "1-0"]
[ECO "C96"]
[WhiteElo "2452"]
[BlackElo "1897"]
[Annotator "RC"]
[PlyCount "103"]
[EventDate "2024.01.21"]
[EventType "swiss"]
[EventCountry "TUR"]
[SourceTitle "playchess.com"]
[Source "ChessBase"]
[SourceQuality "1"]
[TimeControl "5400+30"]

1. e4 e5 2. Nf3 Nc6 3. Bb5 a6 4. Ba4 Nf6 5. O-O Be7 6. d3 b5 7. Bb3 d6 8. c3 O-O 9. Re1 Na5 10. Bc2 c5 11. h3 h6 12. d4 Qc7 13. d5 c4 14. b4 cxb3 15. axb3 Bd7 16. Bb2 Rfc8 17. Bd3 Qb6 18. Nbd2 Bf8 19. Qe2 Nb7 20. b4 a5 21. Nb1 axb4 22. Rxa8 Rxa8 23. cxb4 Ra4 24. Bc3 Ne8 25. Bd2 Nd8 26. Be3 Qb7 27. Qb2 Nc7 28. Nc3 Ra8 29. Ra1 Be7 30. Ra5 f5 31. Rxa8 Qxa8 32. exf5 Nf7 33. Qb3 Qb7 34. g4 Bd8 35. h4 Kf8 36. Be4 Qc8 37. Qc2 Na6 38. Na2 Qxc2 39. Bxc2 e4 40. Bxe4 Bf6 41. g5 hxg5 42. hxg5 Bb2 43. Kf1 Ne5 44. Nxe5 Bxe5 45. f4 Ba1 46. Ke2 Bc8 47. Kd3 Bb7 48. Bb6 Nb8 49. Bc7 Nd7 50. Bxd6+ Ke8 51. Bc5 Bb2 52. Be3 1-0

[Event "Turkish-ch Youth U17 2024"]
[Site "Belek Antalya"]
[Date "2024.01.27"]
[Round "9"]
[White "Atis, Hasan"]
[Black "Ilgaz, Yusuf Kerem"]
[Result "1/2-1/2"]
[ECO "C07"]
[WhiteElo "2104"]
[BlackElo "1870"]
[Annotator "NA RC"]
[PlyCount "193"]
[EventDate "2024.01.21"]
[EventType "swiss"]
[EventCountry "TUR"]
[SourceTitle "playchess.com"]
[Source "ChessBase"]
[SourceQuality "1"]
[TimeControl "5400+30"]

1. e4 e6 2. d4 d5 3. Nd2 c5 4. Ngf3 cxd4 5. exd5 Qxd5 6. Bc4 Qd7 7. O-O Nc6 8. Re1 a6 9. Ne4 Nf6 10. Bf4 Bb4 11. Ne5 Nxe5 12. Bxe5 Be7 13. Qf3 Qc6 14. Bd3 Bd7 15. Nxf6+ gxf6 16. Be4 fxe5 17. Bxc6 Bxc6 18. Qd3 Bf6 19. Rad1 O-O-O 20. c3 Rhg8 21. g3 Rg6 22. cxd4 exd4 23. Rc1 Rd6 24. Rc5 Kb8 25. Rec1 Ka7 26. Rxc6 Rxc6 27. Rxc6 bxc6 28. Qc2 Kb6 29. f4 h5 30. b4 Be7 31. Qc4 c5 32. Kg2 Rg8 33. a4 cxb4 34. Qxd4+ Bc5 35. Qc4 Rc8 36. f5 Rc6 37. f6 Ka5 38. Qc2 Rc7 39. Qd1 Bb6 40. Qxh5+ Kxa4 41. Kh3 b3 42. Qe5 Rc4 43. Qa1+ Kb5 44. Qb1 Rb4 45. g4 b2 46. g5 Rb3+ 47. Kg4 Bd4 48. g6 fxg6 49. f7 Bg7 50. Kg5 a5 51. Kxg6 Bf8 52. Kh7 a4 53. Kg8 Bc5 54. f8=Q Bxf8 55. Kxf8 a3 56. Qf1+ Ka5 57. Qb1 Rc3 58. Qe1 Kb4 59. Qxe6 Rc1 60. Qb6+ Kc3 61. Qe3+ Kc2 62. Qe4+ Kb3 63. Qd5+ Rc4 64. Qb5+ Kc3 65. Qe5+ Kb3 66. Qb5+ Kc3 67. Qe5+ Kc2 68. Qf5+ Kc3 69. Qe5+ Kb4 70. Qb8+ Ka4 71. Qb6 Rb4 72. Qc6+ Rb5 73. Qc2+ Ka5 74. Qc7+ Ka6 75. Qc6+ Rb6 76. Qa8+ Kb5 77. Qd5+ Ka4 78. Qc4+ Rb4 79. Qc2+ Kb5 80. Qf5+ Ka6 81. Qc8+ Kb5 82. Qf5+ Kc4 83. Qe4+ Kc3 84. Qe5+ Kc2 85. Qc5+ Kb3 86. Qd5+ Rc4 87. Qb5+ Kc3 88. Qe5+ Kc2 89. Qe2+ Kb3 90. Qd3+ Rc3 91. Qd5+ Kc2 92. Qe4+ Rd3 93. Qc4+ Kd2 94. Qb4+ Rc3 95. h4 Kc2 96. Qe4+ Kb3 97. Qd5+ 1/2-1/2

[Event "Turkish-ch Youth U17 2024"]
[Site "Belek Antalya"]
[Date "2024.01.27"]
[Round "9"]
[White "Yilmaz, Kerem Tuna"]
[Black "Tarhan, Adar"]
[Result "1-0"]
[ECO "B94"]
[WhiteElo "1945"]
[BlackElo "2420"]
[Annotator "RC"]
[PlyCount "103"]
[EventDate "2024.01.21"]
[EventType "swiss"]
[EventCountry "TUR"]
[SourceTitle "playchess.com"]
[Source "ChessBase"]
[SourceQuality "1"]
[TimeControl "5400+30"]

1. e4 c5 2. Nf3 d6 3. d4 cxd4 4. Nxd4 Nf6 5. Nc3 a6 6. Bg5 Nbd7 7. Bc4 b5 8. Bb3 Bb7 9. f3 e6 10. Qd2 Nc5 11. O-O-O Be7 12. h4 O-O 13. g4 Rc8 14. Kb1 b4 15. Na4 Qa5 16. Nxc5 dxc5 17. Nxe6 c4 18. Bxc4 Rxc4 19. Nxf8 Bxf8 20. Qd8 Qe5 21. Qb6 Qe7 22. e5 Bxf3 23. exf6 gxf6 24. Rhe1 Be4 25. Bf4 Bxc2+ 26. Ka1 Bxd1 27. Rxe7 Bxe7 28. g5 fxg5 29. hxg5 Bg4 30. Qe3 Be6 31. Be5 Bc5 32. Qd2 Rg4 33. Qd8+ Bf8 34. Kb1 b3 35. axb3 Bxb3 36. Bd4 Rf4 37. Kc1 Rf5 38. Kd2 a5 39. Ke1 Bc4 40. Bc3 Rf1+ 41. Kd2 Rf5 42. Ke3 Be6 43. Ke4 f6 44. gxf6 Kf7 45. Qc7+ Kg6 46. Qd8 Bd5+ 47. Kd3 Bc5 48. Qe8+ Bf7 49. Qh8 Kg5 50. Bd2+ Kg4 51. Qxh7 Rd5+ 52. Kc2 1-0

[Event "Turkish-ch Youth U17 2024"]
[Site "Belek Antalya"]
[Date "2024.01.27"]
[Round "9"]
[White "Orhon, Bora"]
[Black "Portakalci, Yusuf"]
[Result "1/2-1/2"]
[ECO "C02"]
[WhiteElo "1937"]
[BlackElo "1951"]
[Annotator "NA RC"]
[PlyCount "85"]
[EventDate "2024.01.21"]
[EventType "swiss"]
[EventCountry "TUR"]
[SourceTitle "playchess.com"]
[Source "ChessBase"]
[SourceQuality "1"]
[TimeControl "5400+30"]

1. e4 e6 2. d4 d5 3. e5 c5 4. c3 Nc6 5. Nf3 Qb6 6. Na3 cxd4 7. cxd4 Bb4+ 8. Bd2 Nge7 9. Nc2 Bxd2+ 10. Qxd2 Qxb2 11. Bd3 Qb6 12. O-O h6 13. Rab1 Qc7 14. Rfc1 O-O 15. Ne3 Qa5 16. Qb2 Kh8 17. Rc5 Qd8 18. Qd2 Ng8 19. Ng4 Nce7 20. h4 b6 21. Rc3 Bb7 22. Rbc1 Rc8 23. Bb1 Rxc3 24. Rxc3 Nf5 25. Qc2 Qb8 26. Ne3 g6 27. Nxf5 gxf5 28. g4 Ne7 29. Qd2 Kh7 30. gxf5 Nxf5 31. Qf4 Rg8+ 32. Kh1 Bc8 33. Nh2 Rg6 34. Ng4 b5 35. h5 Rg5 36. Nf6+ Kh8 37. Bxf5 exf5 38. Rg3 Be6 39. Rxg5 hxg5 40. Qxg5 Qf8 41. h6 b4 42. Kg2 a5 43. Kg3 1/2-1/2

[Event "Turkish-ch Youth U17 2024"]
[Site "Belek Antalya"]
[Date "2024.01.27"]
[Round "9"]
[White "Eroz, Enis"]
[Black "Saridag, Omer Melih"]
[Result "1/2-1/2"]
[ECO "B01"]
[WhiteElo "1840"]
[BlackElo "2002"]
[Annotator "NA RC"]
[PlyCount "70"]
[EventDate "2024.01.21"]
[EventType "swiss"]
[EventCountry "TUR"]
[SourceTitle "playchess.com"]
[Source "ChessBase"]
[SourceQuality "1"]
[TimeControl "5400+30"]

1. e4 d5 2. exd5 Qxd5 3. Nc3 Qd6 4. d4 Nf6 5. Nf3 a6 6. g3 Bg4 7. Bg2 Nc6 8. O-O O-O-O 9. Bf4 Qb4 10. Ne2 Bxf3 11. Bxf3 e5 12. c3 Qe7 13. Bxc6 exf4 14. Bf3 fxg3 15. Nxg3 g6 16. b4 h5 17. b5 a5 18. Qa4 b6 19. Rfe1 Qd7 20. Qc4 Bd6 21. Bc6 Qg4 22. Bg2 Qd7 23. Ne4 Nxe4 24. Rxe4 h4 25. Rae1 Rh5 26. h3 Qxb5 27. Qxf7 Qf5 28. Qc4 Qb5 29. Qe6+ Kb8 30. c4 Qf5 31. c5 Qxe6 32. Rxe6 bxc5 33. Rb1+ Kc8 34. Rxg6 Kd7 35. Bf3 Rh7 1/2-1/2

[Event "Turkish-ch Youth U17 2024"]
[Site "Belek Antalya"]
[Date "2024.01.27"]
[Round "9"]
[White "Alagoz, Zumra Meryem"]
[Black "Dincer, Cagla"]
[Result "1-0"]
[ECO "A80"]
[WhiteElo "1706"]
[BlackElo "1367"]
[Annotator "NA RC COMBH"]
[PlyCount "81"]
[EventDate "2024.01.21"]
[EventType "swiss"]
[EventCountry "TUR"]
[SourceTitle "playchess.com"]
[Source "ChessBase"]
[SourceQuality "1"]
[TimeControl "5400+30"]

1. d4 f5 2. Bg5 g6 3. Nc3 Bg7 4. Nf3 Nf6 5. e3 b6 6. Bd3 Bb7 7. h4 d6 8. Bf4 e6 9. Qe2 Nh5 10. O-O-O Nxf4 11. exf4 Qe7 12. Rhe1 Kd7 13. Bc4 Re8 14. Ng5 d5 15. Bxd5 Bxd5 16. Nxd5 Qd6 17. Ne3 Qxf4 18. g3 Qd6 19. Nf7 Qf8 20. Ne5+ Kc8 21. Qf3 Bxe5 22. Qxa8 Bg7 23. Qf3 Rd8 24. c3 Qe8 25. Nc2 Qa4 26. Kb1 Rd6 27. g4 Kd8 28. gxf5 exf5 29. Qe3 Qd7 30. Qg5+ Bf6 31. Qh6 Qf7 32. Nb4 b5 33. Nd3 Ra6 34. d5 Ra4 35. Qe3 Nd7 36. Qe6 Qf8 37. Qc6 Nb6 38. Nc5 Rc4 39. Ne6+ Kc8 40. Nxf8 Rxc6 41. dxc6 1-0

[Event "Turkish-ch Youth U17 2024"]
[Site "Belek Antalya"]
[Date "2024.01.27"]
[Round "9"]
[White "Atik, Muhammed Ihsan"]
[Black "Sezis, Doruk"]
[Result "1/2-1/2"]
[ECO "A46"]
[WhiteElo "1626"]
[BlackElo "2001"]
[Annotator "NA RC"]
[PlyCount "124"]
[EventDate "2024.01.21"]
[EventType "swiss"]
[EventCountry "TUR"]
[SourceTitle "playchess.com"]
[Source "ChessBase"]
[SourceQuality "1"]
[TimeControl "5400+30"]

1. d4 Nf6 2. Nf3 e6 3. g3 b5 4. Bg2 Bb7 5. O-O c5 6. a4 b4 7. c4 Na6 8. e3 Qc7 9. b3 Be7 10. Bb2 O-O 11. Nbd2 Rac8 12. Qc2 d5 13. Ne5 Rfd8 14. Rac1 dxc4 15. bxc4 Nd7 16. Bxb7 Qxb7 17. Nxd7 Qxd7 18. Rfd1 Rb8 19. Ne4 Qc6 20. f3 f5 21. d5 exd5 22. cxd5 Qh6 23. Nf2 Bf6 24. e4 b3 25. Qe2 Bxb2 26. Qxb2 fxe4 27. fxe4 Rb4 28. e5 c4 29. e6 Re8 30. Ng4 Qg5 31. Ne5 Nc5 32. Qf2 Rf8 33. Qxc5 b2 34. Nd7 Qf5 35. Nxf8 bxc1=Q 36. Rxc1 Rb1 37. Qxc4 Rxc1+ 38. Qxc1 Qxd5 39. Nd7 Qxe6 40. Qc8+ Kf7 41. Qc4 Qxc4 42. Ne5+ Ke6 43. Nxc4 Kd5 44. Nb2 Kc5 45. Nd3+ Kc4 46. Ne5+ Kb3 47. a5 Ka4 48. Nc6 a6 49. Kf2 Kb5 50. Nd4+ Kxa5 51. Nc6+ Kb5 52. Nd4+ Kc4 53. Ke3 a5 54. Nc2 Kc3 55. Nd4 a4 56. h4 Kc4 57. Nc2 Kc3 58. Na3 Kb3 59. Nb5 Kb4 60. Nd4 Kc4 61. g4 a3 62. Nc2 a2 1/2-1/2

[Event "Turkish-ch Youth U17 2024"]
[Site "Belek Antalya"]
[Date "2024.01.27"]
[Round "9"]
[White "Kayis, Merve"]
[Black "Mustu, Hatice Asli"]
[Result "0-1"]
[ECO "D31"]
[WhiteElo "1510"]
[BlackElo "1841"]
[Annotator "NA RC COMBH"]
[PlyCount "54"]
[EventDate "2024.01.21"]
[EventType "swiss"]
[EventCountry "TUR"]
[SourceTitle "playchess.com"]
[Source "ChessBase"]
[SourceQuality "1"]
[TimeControl "5400+30"]

1. d4 d5 2. c4 e6 3. Nf3 c6 4. Nc3 dxc4 5. a4 Bb4 6. Bd2 a5 7. e3 b5 8. Ne5 Nf6 9. Qf3 Ra6 10. Qg3 O-O 11. axb5 cxb5 12. Nxc4 bxc4 13. Qxb8 Rb6 14. Qe5 Ba6 15. Be2 Nd5 16. O-O Bd6 17. Qh5 Rxb2 18. Rfd1 Rxd2 19. Rxd2 Nxc3 20. Qxa5 Nxe2+ 21. Rxe2 Bb7 22. Qc3 Qh4 23. f4 Rc8 24. Ra4 Qg4 25. Kf1 Bxg2+ 26. Ke1 Bf3 27. Rf2 Bd5 0-1

[Event "Turkish-ch Youth U17 2024"]
[Site "Belek Antalya"]
[Date "2024.01.27"]
[Round "9"]
[White "Unal, Beren"]
[Black "Akat, Elifnaz"]
[Result "1-0"]
[ECO "B51"]
[WhiteElo "1505"]
[BlackElo "1849"]
[Annotator "NA RC COMBH"]
[PlyCount "74"]
[EventDate "2024.01.21"]
[EventType "swiss"]
[EventCountry "TUR"]
[SourceTitle "playchess.com"]
[Source "ChessBase"]
[SourceQuality "1"]
[TimeControl "5400+30"]

1. e4 c5 2. Nf3 Nc6 3. Bb5 d6 4. c3 Nf6 5. d3 Bd7 6. O-O a6 7. Ba4 b5 8. Bc2 g6 9. h3 Bg7 10. Re1 Rc8 11. d4 cxd4 12. cxd4 O-O 13. Nc3 b4 14. Ne2 Na5 15. Bd3 Qb6 16. b3 Bb5 17. Bb2 Rfd8 18. Qd2 Bxd3 19. Qxd3 Qc6 20. Ng3 Bh6 21. Bc1 Bg7 22. Bd2 Qb6 23. Rac1 Nd7 24. Rxc8 Rxc8 25. Rc1 Rxc1+ 26. Bxc1 Nc6 27. Be3 Na7 28. Qc4 h6 29. d5 Nc5 30. e5 Qb5 31. Bxc5 Qxc5 32. Qxc5 dxc5 33. Ne4 Nb5 34. Nxc5 Nc7 35. d6 Ne6 36. Nxe6 fxe6 37. d7 Bf6 1-0